| TOP OF THE 1ST |
|
Lynchburg Hillcats batting - Pitching for Raleigh-Durham Capitals : LHP Rodolfo Corderi
|
|
Pitching: LHP Rodolfo Corderi
|
|
|
Batting: RHB Ronald Lee
|
0-0: Foul Ball, location: 2F 0-1: Swinging Strike 0-2: Foul Ball, location: 2F 0-2: Ball 1-2: Reached on error, E4 (Groundball, 4, EV 104.4 MPH)
|
|
Batting: RHB Russ Quetti
|
0-0: Called Strike 0-1: Grounds into double play, 6-4-3 (Groundball, 6, EV 88.8 MPH)
|
|
Batting: RHB William Lajoie
|
0-0: Called Strike 0-1: Called Strike 0-2: Foul Ball, location: 2F 0-2: Ground out 6-3 (Groundball, P, EV 84.4 MPH)
|
| Top of the 1st over - 0 runs, 0 hits, 1 error, 0 left on base; Lynchburg 0 - Raleigh-Durham 0 |
| BOTTOM OF THE 1ST |
|
Raleigh-Durham Capitals batting - Pitching for Lynchburg Hillcats : LHP Paul Givens
|
|
Pitching: LHP Paul Givens
|
|
|
Batting: RHB Luis Brito
|
0-0: SINGLE (Flyball, 8RS, EV 93.1 MPH)
|
|
Batting: RHB Tony Camara
|
0-0: Foul Ball, location: 2F 0-1: Ball 1-1: Called Strike Luis Brito is caught stealing 2nd base 2-4 1-2: Ball 2-2: Ground out 4-3 (Groundball, 4, EV 105.6 MPH)
|
|
Batting: LHB Clay Smith
|
0-0: Ball 1-0: Ball 2-0: Called Strike 2-1: Foul Ball, location: 2F 2-2: Reached on error, E7 (Flyball, 7, EV 91.3 MPH)
|
|
Batting: LHB Pat Castiglia
|
0-0: Called Strike 0-1: Swinging Strike 0-2: Ball 1-2: Ball 2-2: Ground out 4-3 (Groundball, 4, EV 87.5 MPH)
|
| Bottom of the 1st over - 0 runs, 1 hit, 1 error, 1 left on base; Lynchburg 0 - Raleigh-Durham 0 |
| TOP OF THE 2ND |
|
Lynchburg Hillcats batting - Pitching for Raleigh-Durham Capitals : LHP Rodolfo Corderi
|
|
Batting: RHB Richard Witt
|
0-0: Ball 1-0: Called Strike 1-1: Ground out 6-3 (Groundball, 6, EV 103.8 MPH)
|
|
Batting: RHB Kenneth Tillman
|
0-0: Ball 1-0: Ground out 6-3 (Groundball, 6, EV 88.1 MPH)
|
|
Batting: RHB Jon Corella
|
0-0: DOUBLE (Line Drive, 7LM, EV 111.3 MPH)
|
|
Batting: RHB Frederic Wade
|
0-0: Called Strike 0-1: Ball 1-1: Ball 2-1: Called Strike 2-2: Ground out 4-3 (Groundball, 4, EV 106.9 MPH)
|
| Top of the 2nd over - 0 runs, 1 hit, 0 errors, 1 left on base; Lynchburg 0 - Raleigh-Durham 0 |
| BOTTOM OF THE 2ND |
|
Raleigh-Durham Capitals batting - Pitching for Lynchburg Hillcats : LHP Paul Givens
|
|
Batting: RHB Richard Ferchen
|
0-0: Ball 1-0: Swinging Strike 1-1: Ball 2-1: Ball 3-1: Ground out 6-3 (Groundball, 6, EV 86.9 MPH)
|
|
Batting: LHB Richard Kelly
|
0-0: Called Strike 0-1: Ball 1-1: Foul Ball, location: 2F 1-2: Reached on error, E5 (Groundball, 56S, EV 68.1 MPH)
|
|
Batting: RHB Henry Noble
|
0-0: Swinging Strike 0-1: Fly out, F2 (Popup, 2RF, EV 83.8 MPH)
|
|
Batting: LHB Donald Jamerson
|
0-0: Called Strike 0-1: Ball 1-1: SINGLE (Groundball, 4MD, EV 100.6 MPH) Richard Kelly to second Runner from 2nd tries for 3rd, SAFE, throw by CF made at trailing runner, OUT! 8-3-6
|
| Bottom of the 2nd over - 0 runs, 1 hit, 1 error, 1 left on base; Lynchburg 0 - Raleigh-Durham 0 |
| TOP OF THE 3RD |
|
Lynchburg Hillcats batting - Pitching for Raleigh-Durham Capitals : LHP Rodolfo Corderi
|
|
Batting: LHB Harold Warner
|
0-0: Called Strike 0-1: Ball 1-1: Called Strike 1-2: Foul Ball, location: 2F 1-2: Strikes out swinging
|
|
Batting: RHB Felix Estrada
|
0-0: Ground out 6-3 (Groundball, 56, EV 108.1 MPH)
|
|
Batting: RHB Ronald Lee
|
0-0: Ball 1-0: Ground out U3 (Groundball, 34S, EV 63.1 MPH)
|
| Top of the 3rd over - 0 runs, 0 hits, 0 errors, 0 left on base; Lynchburg 0 - Raleigh-Durham 0 |
| BOTTOM OF THE 3RD |
|
Raleigh-Durham Capitals batting - Pitching for Lynchburg Hillcats : LHP Paul Givens
|
|
Batting: RHB Bobby Supel
|
0-0: Fly out, F7 (Line Drive, 7, EV 95.0 MPH)
|
|
Batting: RHB Luis Brito
|
0-0: Ball 1-0: Foul Ball, location: 2F 1-1: Ball 2-1: Called Strike 2-2: Strikes out swinging
|
|
Batting: RHB Tony Camara
|
0-0: SINGLE (Groundball, 56D, EV 96.3 MPH)
|
|
Batting: LHB Clay Smith
|
0-0: Ball 1-0: Ball 2-0: Called Strike 2-1: Foul Ball, location: 2F 2-2: Ball 3-2: Base on Balls Tony Camara to second
|
|
Batting: LHB Pat Castiglia
|
0-0: Ball 1-0: Foul Ball, location: 2F 1-1: Swinging Strike 1-2: Strikes out swinging
|
| Bottom of the 3rd over - 0 runs, 1 hit, 0 errors, 2 left on base; Lynchburg 0 - Raleigh-Durham 0 |
| TOP OF THE 4TH |
|
Lynchburg Hillcats batting - Pitching for Raleigh-Durham Capitals : LHP Rodolfo Corderi
|
|
Batting: RHB Russ Quetti
|
0-0: Ball 1-0: Foul Ball, location: 2F 1-1: DOUBLE (Groundball, 5L, EV 103.1 MPH)
|
|
Batting: RHB William Lajoie
|
0-0: Called Strike 0-1: Ball 1-1: Foul Ball, location: 2F 1-2: Ball 2-2: Ball 3-2: Ground out 4-3 (Groundball, 4M, EV 105.6 MPH) Russ Quetti to third
|
|
Batting: RHB Richard Witt
|
0-0: Ball 1-0: Called Strike 1-1: Foul Ball, location: 2F 1-2: Ground out 4-3 (Groundball, 4, EV 80.0 MPH) Russ Quetti scores
|
|
Batting: RHB Kenneth Tillman
|
0-0: Called Strike 0-1: Ball 1-1: Ball 2-1: Foul Ball, location: 2F 2-2: TRIPLE (Line Drive, 9LD, EV 98.8 MPH)
|
|
Batting: RHB Jon Corella
|
0-0: Foul Ball, location: 2F 0-1: Ball 1-1: Ball 2-1: Ball 3-1: Called Strike 3-2: Base on Balls
|
|
Batting: RHB Frederic Wade
|
0-0: Swinging Strike 0-1: Swinging Strike 0-2: Ball 1-2: Foul Ball, location: 2F 1-2: Foul Ball, location: 2F 1-2: Ball 2-2: Fly out, F8 (Flyball, 8RS, EV 98.1 MPH)
|
| Top of the 4th over - 1 run, 2 hits, 0 errors, 2 left on base; Lynchburg 1 - Raleigh-Durham 0 |
| BOTTOM OF THE 4TH |
|
Raleigh-Durham Capitals batting - Pitching for Lynchburg Hillcats : LHP Paul Givens
|
|
Batting: RHB Richard Ferchen
|
0-0: Called Strike 0-1: Ball 1-1: Foul Ball, location: 2F 1-2: Strikes out looking
|
|
Batting: LHB Richard Kelly
|
0-0: Ball 1-0: Called Strike 1-1: Ball 2-1: Ground out 4-3 (Groundball, 4D, EV 88.1 MPH)
|
|
Batting: RHB Henry Noble
|
0-0: Called Strike 0-1: Ball 1-1: Ball 2-1: Ball 3-1: Called Strike 3-2: Base on Balls
|
|
Batting: LHB Donald Jamerson
|
0-0: Ball 1-0: Ball 2-0: Ball 3-0: Called Strike 3-1: Called Strike 3-2: Foul Ball, location: 2F 3-2: Strikes out looking
|
| Bottom of the 4th over - 0 runs, 0 hits, 0 errors, 1 left on base; Lynchburg 1 - Raleigh-Durham 0 |
| TOP OF THE 5TH |
|
Lynchburg Hillcats batting - Pitching for Raleigh-Durham Capitals : LHP Rodolfo Corderi
|
|
Batting: LHB Harold Warner
|
0-0: Called Strike 0-1: Swinging Strike 0-2: Foul Ball, location: 2F 0-2: Ball 1-2: Foul Ball, location: 2F 1-2: Foul Ball, location: 2F 1-2: Ball 2-2: Ball 3-2: Base on Balls
|
|
Batting: RHB Felix Estrada
|
0-0: Bunted foul 0-1: Ball 1-1: Bunted foul 1-2: Foul Ball, location: 2F 1-2: Ground out 5-3 (Groundball, 5S, EV 64.4 MPH) Harold Warner to second
|
|
Batting: RHB Ronald Lee
|
0-0: Ball 1-0: Ball 2-0: Called Strike 2-1: Ball 3-1: SINGLE (Line Drive, 56D, EV 112.5 MPH) Harold Warner to third
|
|
Batting: RHB Russ Quetti
|
0-0: Called Strike 0-1: Ball 1-1: Ground out 5-3 (Groundball, 56S, EV 69.4 MPH) Ronald Lee to second
|
|
Batting: RHB William Lajoie
|
0-0: Called Strike 0-1: Ball 1-1: Foul Ball, location: 2F 1-2: Ground out 6-3 (Groundball, 6, EV 83.1 MPH)
|
| Top of the 5th over - 0 runs, 1 hit, 0 errors, 2 left on base; Lynchburg 1 - Raleigh-Durham 0 |
| BOTTOM OF THE 5TH |
|
Raleigh-Durham Capitals batting - Pitching for Lynchburg Hillcats : LHP Paul Givens
|
|
Batting: RHB Bobby Supel
|
0-0: Ground out 4-3 (Groundball, 34D, EV 101.9 MPH)
|
|
Batting: RHB Luis Brito
|
0-0: Foul Ball, location: 2F 0-1: Foul Ball, location: 2F 0-2: Ball 1-2: Ball 2-2: Fly out, F7 (Flyball, 7D, EV 89.4 MPH)
|
|
Batting: RHB Tony Camara
|
0-0: Called Strike 0-1: Foul Ball, location: 2F 0-2: Foul Ball, location: 2F 0-2: Foul Ball, location: 2F 0-2: Foul Ball, location: 2F 0-2: Ball 1-2: Fly out, F8 (Line Drive, 8LM, EV 95.6 MPH)
|
| Bottom of the 5th over - 0 runs, 0 hits, 0 errors, 0 left on base; Lynchburg 1 - Raleigh-Durham 0 |
| TOP OF THE 6TH |
|
Lynchburg Hillcats batting - Pitching for Raleigh-Durham Capitals : LHP Rodolfo Corderi
|
|
Batting: RHB Richard Witt
|
0-0: Called Strike 0-1: Called Strike 0-2: Ball 1-2: Ball 2-2: Strikes out swinging
|
|
Batting: RHB Kenneth Tillman
|
0-0: Fly out, F4 (Popup, 4S, EV 71.9 MPH)
|
|
Batting: RHB Jon Corella
|
0-0: SINGLE (Line Drive, 4D, EV 96.9 MPH)
|
|
Batting: RHB Frederic Wade
|
0-0: Ball 1-0: Called Strike 1-1: Fly out, F8 (Flyball, 89M, EV 88.1 MPH)
|
| Top of the 6th over - 0 runs, 1 hit, 0 errors, 1 left on base; Lynchburg 1 - Raleigh-Durham 0 |
| BOTTOM OF THE 6TH |
|
Raleigh-Durham Capitals batting - Pitching for Lynchburg Hillcats : LHP Paul Givens
|
|
Batting: LHB Clay Smith
|
0-0: Ball 1-0: Called Strike 1-1: Swinging Strike 1-2: Ball 2-2: Ball 3-2: Strikes out swinging
|
|
Batting: LHB Pat Castiglia
|
0-0: Ball 1-0: Ball 2-0: Foul Ball, location: 2F 2-1: Ball 3-1: Base on Balls
|
|
Batting: RHB Richard Ferchen
|
0-0: Called Strike 0-1: Called Strike 0-2: Foul Ball, location: 2F 0-2: Foul Ball, location: 2F 0-2: Ball 1-2: Fly out, F9 (Flyball, 9S, EV 80.0 MPH)
|
|
Batting: LHB Richard Kelly
|
0-0: TRIPLE (Groundball, 5L, EV 101.9 MPH) Pat Castiglia scores
|
|
Batting: RHB Henry Noble
|
0-0: Ball 1-0: Called Strike 1-1: Called Strike 1-2: Fly out, F9 (Flyball, 9LM, EV 91.9 MPH)
|
| Bottom of the 6th over - 1 run, 1 hit, 0 errors, 1 left on base; Lynchburg 1 - Raleigh-Durham 1 |
| TOP OF THE 7TH |
|
Lynchburg Hillcats batting - Pitching for Raleigh-Durham Capitals : LHP Rodolfo Corderi
|
|
Batting: LHB Harold Warner
|
0-0: Ball 1-0: Fly out, F6 (Popup, 6M, EV 66.9 MPH)
|
|
Batting: RHB Felix Estrada
|
0-0: Ball 1-0: Ground out 6-3 (Groundball, 6, EV 91.3 MPH)
|
|
Batting: RHB Ronald Lee
|
0-0: Called Strike 0-1: Swinging Strike 0-2: Ball 1-2: Strikes out looking
|
| Top of the 7th over - 0 runs, 0 hits, 0 errors, 0 left on base; Lynchburg 1 - Raleigh-Durham 1 |
| BOTTOM OF THE 7TH |
|
Raleigh-Durham Capitals batting - Pitching for Lynchburg Hillcats : LHP Paul Givens
|
|
Batting: LHB Donald Jamerson
|
0-0: Called Strike 0-1: Reached on error, E9 (Flyball, 89D, EV 93.8 MPH)
|
|
Batting: RHB Bobby Supel
|
0-0: Ball 1-0: Ball 2-0: Ball 3-0: Base on Balls Donald Jamerson to second
|
|
Batting: RHB Luis Brito
|
0-0: Called Strike 0-1: Fielders Choice at 2nd, 4-6 (Groundball, 34, EV 81.3 MPH) Donald Jamerson to third
|
|
Batting: RHB Tony Camara
|
0-0: Called Strike 0-1: 3-RUN HOME RUN (Flyball, 78XD, EV 105.0 MPH), Distance : 419 ft
|
|
Batting: LHB Clay Smith
|
0-0: Ball 1-0: Foul Ball, location: 2F 1-1: Ball 2-1: Ball 3-1: Base on Balls
|
|
Batting: LHB Pat Castiglia
|
0-0: Ball 1-0: Ball 2-0: Grounds into double play, 4-6-3 (Groundball, 4S, EV 84.4 MPH)
|
| Bottom of the 7th over - 3 runs, 1 hit, 1 error, 0 left on base; Lynchburg 1 - Raleigh-Durham 4 |
| TOP OF THE 8TH |
|
Lynchburg Hillcats batting - Pitching for Raleigh-Durham Capitals : LHP Rodolfo Corderi
|
|
Batting: RHB Russ Quetti
|
0-0: Called Strike 0-1: Ball 1-1: SINGLE (Groundball, 5D, EV 103.1 MPH)
|
|
Batting: RHB William Lajoie
|
0-0: Ball 1-0: Ball 2-0: Ball 3-0: Called Strike 3-1: Foul Ball, location: 2F 3-2: Ground out 6-3 (Groundball, 6, EV 80.6 MPH) Russ Quetti to second
|
|
Batting: RHB Richard Witt
|
0-0: Swinging Strike 0-1: SINGLE (Groundball, 6MD, EV 95.0 MPH) Russ Quetti to third Runner from 3rd tries for Home, throw by CF and OUT! 8-2
|
|
Batting: RHB Kenneth Tillman
|
0-0: Called Strike 0-1: Swinging Strike 0-2: Fly out, F6 (Popup, 6M, EV 75.0 MPH)
|
| Top of the 8th over - 0 runs, 2 hits, 0 errors, 1 left on base; Lynchburg 1 - Raleigh-Durham 4 |
| BOTTOM OF THE 8TH |
|
Raleigh-Durham Capitals batting - Pitching for Lynchburg Hillcats : LHP Paul Givens
|
|
Pitching: LHP Dennis Zimmerman
|
|
|
Batting: RHB Richard Ferchen
|
0-0: Ball 1-0: Ball 2-0: Ball 3-0: Base on Balls
|
|
Batting: LHB Richard Kelly
|
0-0: Called Strike 0-1: Ball 1-1: Swinging Strike 1-2: Ball 2-2: Foul Ball, location: 2F 2-2: Foul Ball, location: 2F 2-2: Ball 3-2: Base on Balls Richard Ferchen to second
|
|
Batting: RHB Henry Noble
|
0-0: Sac Bunt to 2L - play at first, batter OUT! 2-3 Richard Ferchen to third Richard Kelly to second
|
|
Batting: LHB Donald Jamerson
|
0-0: SINGLE (Line Drive, 56, EV 100.0 MPH) Richard Ferchen scores Richard Kelly to third
|
|
Batting: RHB Bobby Supel
|
0-0: Ball 1-0: Ball 2-0: Foul Ball, location: 2F 2-1: Ball 3-1: Called Strike 3-2: Fly out, F4 (Flyball, 4D, EV 78.8 MPH)
|
|
Batting: RHB Luis Brito
|
0-0: Ball 1-0: Called Strike 1-1: Ball 2-1: DOUBLE (Line Drive, 89D, EV 115.0 MPH) Richard Kelly scores Donald Jamerson to third Runner from 3rd tries for Home, SAFE, throw by RF to home
|
|
Batting: RHB Tony Camara
|
0-0: Ground out 6-3 (Groundball, 6, EV 86.9 MPH)
|
| Bottom of the 8th over - 3 runs, 2 hits, 0 errors, 1 left on base; Lynchburg 1 - Raleigh-Durham 7 |
| TOP OF THE 9TH |
|
Lynchburg Hillcats batting - Pitching for Raleigh-Durham Capitals : LHP Rodolfo Corderi
|
|
Batting: RHB Jon Corella
|
0-0: Called Strike 0-1: Ball 1-1: Swinging Strike 1-2: Ball 2-2: Foul Ball, location: 2F 2-2: Fly out, F8 (Line Drive, 8RM, EV 109.4 MPH)
|
|
Batting: RHB Frederic Wade
|
0-0: Ground out 6-3 (Groundball, 56, EV 101.3 MPH)
|
|
Batting: LHB Harold Warner
|
0-0: Swinging Strike 0-1: Called Strike 0-2: Ball 1-2: Ground out 4-3 (Groundball, 4, EV 85.0 MPH)
|
| Top of the 9th over - 0 runs, 0 hits, 0 errors, 0 left on base; Lynchburg 1 - Raleigh-Durham 7 |
|